[Event "Reykjavik Open 2025"]
[Site "Reykjavik, Iceland"]
[Date "2025.04.10"]
[Round "2.8"]
[White "Pisk, Petr"]
[Black "Jacobson, Brandon"]
[Result "0-1"]
[WhiteElo "2302"]
[WhiteTitle "IM"]
[WhiteFideId "304689"]
[BlackElo "2570"]
[BlackTitle "GM"]
[BlackFideId "30901561"]
[TimeControl "90+30 +30 after 40 moves"]
[Variant "Standard"]
[ECO "B13"]
[Opening "Caro-Kann Defense: Exchange Variation"]
[StudyName "Round 2"]
1. e4 c6 2. d4 d5 3. exd5 cxd5 4. Bd3 Nc6 5. c3 Qc7 6. Ne2 Bg4 7. O-O e6 8. f3 Bh5 9. Bf4 Qd7 10. Nd2 Bg6 11. Nb3 Nf6 12. Ng3 Bxd3 13. Qxd3 h5 14. h3 Ne7 15. Nc5 Qc6 16. Rfe1 b6 17. Na6 Rc8 18. a4 Ng6 19. Bb8 Nd7 20. Be5 Ndxe5 21. dxe5 h4 22. Nh1 Rh5 23. Qd4 Qb7 24. Qd3 Rc4 25. b3 Rg5 26. bxc4 Rxg2+ 27. Kf1 Qxa6 28. Rad1 Bc5 29. Kxg2 Nf4+ 30. Kf1 Nxd3 31. Rxd3 Qxc4 32. Ke2 Qf4 33. Nf2 Qh2 34. Rf1 Qxe5+ 35. Kd1 Qf4 0-1

[Event "Reykjavik Open 2025"]
[Site "Reykjavik, Iceland"]
[Date "2025.04.10"]
[Round "2.9"]
[White "Gorshtein, Ido"]
[Black "Bhagat Kush"]
[Result "1-0"]
[WhiteElo "2557"]
[WhiteTitle "GM"]
[WhiteFideId "2815532"]
[BlackElo "2301"]
[BlackTitle "FM"]
[BlackFideId "46672940"]
[TimeControl "90+30 +30 after 40 moves"]
[Variant "Standard"]
[ECO "E71"]
[Opening "King's Indian Defense: Makogonov Variation"]
[StudyName "Round 2"]
1. d4 Nf6 2. c4 g6 3. Nc3 Bg7 4. e4 d6 5. h3 O-O 6. Be3 Nbd7 7. Qc2 e5 8. d5 a5 9. Nf3 Nc5 10. Be2 Nh5 11. Bxc5 dxc5 12. O-O-O Nf4 13. Bf1 f5 14. Kb1 Qe7 15. Nd2 Ra6 16. h4 Bd7 17. Re1 Nh5 18. Be2 f4 19. Nb5 Bc8 20. Nc3 Bd7 21. Nf3 h6 22. Reg1 Raf6 23. Ne1 b6 24. Qd1 Qf7 25. Bg4 Rd6 26. Nd3 Re8 27. Bxd7 Rxd7 28. g4 fxg3 29. fxg3 Rf8 30. g4 Nf4 31. g5 Nxd3 32. Qxd3 h5 33. Qh3 Qe8 34. Rf1 Rxf1+ 35. Rxf1 Rf7 36. Rxf7 Qxf7 37. Qe6 Bf8 38. Qxf7+ Kxf7 39. Nb5 Be7 40. Kc2 Bd8 41. Kd3 Ke8 42. Na7 Be7 43. Nc6 Bd6 44. Kc2 a4 45. a3 Kd7 46. b3 Kc8 47. bxa4 Kb7 48. Kb2 Ka6 49. Kb3 Kb7 50. a5 bxa5 51. Nxa5+ Ka6 52. Nc6 Kb6 53. a4 Ka6 54. a5 Kb7 55. Ka3 1-0

[Event "Reykjavik Open 2025"]
[Site "Reykjavik, Iceland"]
[Date "2025.04.10"]
[Round "2.10"]
[White "Llari, Marc"]
[Black "Maze, Sebastien"]
[Result "1/2-1/2"]
[WhiteElo "2299"]
[WhiteTitle "CM"]
[WhiteFideId "651044269"]
[BlackElo "2557"]
[BlackTitle "GM"]
[BlackFideId "613762"]
[TimeControl "90+30 +30 after 40 moves"]
[Variant "Standard"]
[ECO "B15"]
[Opening "Caro-Kann Defense: Tartakower Variation"]
[StudyName "Round 2"]
1. e4 c6 2. d4 d5 3. Nc3 dxe4 4. Nxe4 Nf6 5. Nxf6+ exf6 6. c3 Bd6 7. Bd3 O-O 8. Ne2 Re8 9. O-O Nd7 10. Ng3 g6 11. Ne4 Bc7 12. Re1 Re7 13. g3 f5 14. Ng5 Nf6 15. Rxe7 Qxe7 16. Qe2 Qxe2 17. Bxe2 Bd7 18. Bc4 Nd5 19. Bd2 f6 20. Nf3 Be6 21. Ne1 Bf7 22. Nd3 Rd8 23. Re1 Bd6 24. h4 Kg7 25. Bb3 Rd7 26. Bc2 h6 27. a4 a5 28. h5 f4 1/2-1/2

[Event "Reykjavik Open 2025"]
[Site "Reykjavik, Iceland"]
[Date "2025.04.10"]
[Round "2.11"]
[White "Adhiban, B."]
[Black "Golis, Wiktor"]
[Result "1-0"]
[WhiteElo "2554"]
[WhiteTitle "GM"]
[WhiteFideId "5018471"]
[BlackElo "2293"]
[BlackTitle "FM"]
[BlackFideId "21055874"]
[TimeControl "90+30 +30 after 40 moves"]
[Variant "Standard"]
[ECO "D61"]
[Opening "Queen's Gambit Declined: Orthodox Defense, Rubinstein Variation"]
[StudyName "Round 2"]
1. c4 e6 2. Nc3 d5 3. d4 Nf6 4. Bg5 Be7 5. e3 O-O 6. Nf3 Nbd7 7. Qc2 b6 8. cxd5 exd5 9. Bd3 Bb7 10. O-O h6 11. Bf4 c5 12. Rfd1 c4 13. Bf5 a6 14. a4 Ne8 15. b3 Bd6 16. Ne5 Ndf6 17. bxc4 dxc4 18. Rab1 Nh5 19. Bg3 Nxg3 20. hxg3 Bc7 21. Nd7 Nd6 22. Nxf8 Kxf8 23. Bg4 Qg5 24. Bf3 Bxf3 25. gxf3 b5 26. f4 1-0

[Event "Reykjavik Open 2025"]
[Site "Reykjavik, Iceland"]
[Date "2025.04.10"]
[Round "2.12"]
[White "Amar, Elham"]
[Black "Schouten, Mathias Lind"]
[Result "1-0"]
[WhiteElo "2546"]
[WhiteTitle "GM"]
[WhiteFideId "1533533"]
[BlackElo "2279"]
[BlackFideId "1532790"]
[TimeControl "90+30 +30 after 40 moves"]
[Variant "Standard"]
[ECO "B40"]
[Opening "Sicilian Defense: Delayed Alapin Variation, with e6"]
[StudyName "Round 2"]
1. e4 c5 2. Nf3 e6 3. c3 d5 4. e5 d4 5. Na3 Nc6 6. Bd3 f5 7. exf6 Nxf6 8. O-O Bd6 9. Bb5 O-O 10. Bxc6 bxc6 11. d3 Nd5 12. Bd2 Bf4 13. cxd4 cxd4 14. Nc4 c5 15. g3 Bb7 16. Qe2 Bxd2 17. Nfxd2 Nb4 18. a3 Qd5 19. f3 Nc6 20. Rac1 Nb8 21. Ne5 Na6 22. Ndc4 Rae8 23. Nd2 Re7 24. Nec4 Nb8 25. Ne4 Nd7 26. Rc2 Ba6 27. f4 Rb8 28. Rfc1 Rb3 29. Ned2 Rb8 30. Ne4 Rb3 31. Ned2 Rb8 32. Qe4 Bb7 33. Na5 Ba8 34. Qxd5 exd5 35. Ndb3 Kf7 36. Nxc5 Nxc5 37. Rxc5 Rxb2 38. Rc7 Rd2 39. Rxe7+ Kxe7 40. Rc8 Rxd3 41. Rxa8 Ke6 42. Nc6 Kd6 43. Nxa7 Kc5 44. a4 Rb3 45. Rc8+ Kb4 46. Nc6+ Kxa4 47. Ra8+ 1-0

[Event "Reykjavik Open 2025"]
[Site "Reykjavik, Iceland"]
[Date "2025.04.10"]
[Round "2.13"]
[White "Stefansson, Vignir Vatnar"]
[Black "Nayak Rajesh"]
[Result "1-0"]
[WhiteElo "2536"]
[WhiteTitle "GM"]
[WhiteFideId "2308649"]
[BlackElo "2277"]
[BlackTitle "FM"]
[BlackFideId "35017152"]
[TimeControl "90+30 +30 after 40 moves"]
[Variant "Standard"]
[ECO "E04"]
[Opening "Catalan Opening: Open Defense"]
[StudyName "Round 2"]
1. d4 Nf6 2. c4 e6 3. Nf3 d5 4. g3 dxc4 5. Bg2 Nbd7 6. O-O c6 7. a4 b6 8. Nc3 Nd5 9. e4 Nxc3 10. bxc3 Be7 11. e5 Ba6 12. h4 Rc8 13. Ng5 h6 14. Ne4 c5 15. Qg4 Kf8 16. Be3 cxd4 17. Bxd4 Nc5 18. Bxc5 Bxc5 19. Rfd1 Qe7 20. Rd2 Rd8 21. Rxd8+ Qxd8 22. Rd1 Qe7 23. Nxc5 bxc5 24. Qe4 Qc7 25. Rd6 Bc8 26. Rc6 Qd8 27. Qxc4 g5 28. Qxc5+ Kg7 29. Qd6 gxh4 30. Qxd8 Rxd8 31. gxh4 Rd1+ 32. Kh2 Bb7 33. Rc7 Bxg2 34. Kxg2 Rd5 35. Rxa7 Rxe5 36. Rc7 Re4 37. c4 Rxh4 38. a5 Kf6 39. a6 Rg4+ 40. Kh3 Rg1 41. a7 Ra1 42. c5 Ke5 43. Rd7 f5 44. c6 Kf4 45. Kg2 1-0

[Event "Reykjavik Open 2025"]
[Site "Reykjavik, Iceland"]
[Date "2025.04.10"]
[Round "2.14"]
[White "Ronka, Erik"]
[Black "Kadric, Denis"]
[Result "1/2-1/2"]
[WhiteElo "2295"]
[WhiteTitle "FM"]
[WhiteFideId "505080"]
[BlackElo "2533"]
[BlackTitle "GM"]
[BlackFideId "14403803"]
[TimeControl "90+30 +30 after 40 moves"]
[Variant "Standard"]
[ECO "B00"]
[Opening "Pirc Defense"]
[StudyName "Round 2"]
1. e4 d6 2. d4 Nf6 3. Nc3 e5 4. dxe5 dxe5 5. Qxd8+ Kxd8 6. Bg5 Nd7 7. O-O-O c6 8. Bc4 Ke8 9. Nf3 Bb4 10. a3 Ba5 11. h3 b5 12. Nxb5 cxb5 13. Bxb5 Bc7 14. Bxf6 gxf6 15. Nh4 Rb8 16. Ba4 Rb6 17. Nf5 Ra6 18. Bb5 Ra5 19. Bc6 Ra6 20. Bb5 Ra5 21. Bc6 Ra6 22. Bb5 Ra5 23. Bc6 1/2-1/2

[Event "Reykjavik Open 2025"]
[Site "Reykjavik, Iceland"]
[Date "2025.04.10"]
[Round "2.15"]
[White "Papp, Gabor"]
[Black "Nissinen, Niilo Man"]
[Result "1/2-1/2"]
[WhiteElo "2502"]
[WhiteTitle "GM"]
[WhiteFideId "718602"]
[BlackElo "2268"]
[BlackTitle "CM"]
[BlackFideId "30950767"]
[TimeControl "90+30 +30 after 40 moves"]
[Variant "Standard"]
[ECO "B31"]
[Opening "Sicilian Defense: Nyezhmetdinov-Rossolimo Attack, Fianchetto Variation"]
[StudyName "Round 2"]
1. e4 c5 2. Nf3 Nc6 3. Bb5 g6 4. O-O Bg7 5. Bxc6 dxc6 6. d3 Nf6 7. Re1 O-O 8. a4 a5 9. Nbd2 Ne8 10. e5 Nc7 11. b3 Bf5 12. Bb2 Qd7 13. Nc4 Nd5 14. Ng5 Be6 15. Qf3 h6 16. Nxe6 Qxe6 17. Re2 Rfd8 18. h4 b6 19. h5 g5 20. g3 Ra7 21. Kh2 Rad7 22. Qe4 Kh8 23. Rg1 b5 24. Nd2 Nb6 25. axb5 cxb5 26. f4 c4 27. f5 Qd5 28. dxc4 bxc4 29. Qxd5 Rxd5 30. Nxc4 Nxc4 31. bxc4 Rc5 32. f6 exf6 33. exf6 Bf8 34. Re4 Rdc8 35. Rd1 Rxc4 36. Rxc4 Rxc4 37. Rd8 Rxc2+ 38. Kh3 Rxb2 39. Rxf8+ Kh7 40. Rxf7+ Kg8 41. Rg7+ Kh8 42. Rg6 Kh7 43. Rg7+ Kh8 44. Ra7 Rf2 45. Rxa5 Rxf6 46. Kg4 1/2-1/2

[Event "Reykjavik Open 2025"]
[Site "Reykjavik, Iceland"]
[Date "2025.04.10"]
[Round "2.16"]
[White "Xu, Yuanyuan"]
[Black "Zierk, Steven"]
[Result "1/2-1/2"]
[WhiteElo "2288"]
[WhiteTitle "WGM"]
[WhiteFideId "8601089"]
[BlackElo "2501"]
[BlackTitle "GM"]
[BlackFideId "2034255"]
[TimeControl "90+30 +30 after 40 moves"]
[Variant "Standard"]
[ECO "E46"]
[Opening "Nimzo-Indian Defense: Reshevsky Variation"]
[StudyName "Round 2"]
1. d4 Nf6 2. c4 e6 3. Nc3 Bb4 4. e3 O-O 5. Ne2 c6 6. a3 Ba5 7. b4 Bc7 8. e4 d5 9. e5 Nfd7 10. Nf4 a5 11. Rb1 axb4 12. axb4 c5 13. bxc5 Ba5 14. Bd2 dxc4 15. Nb5 Nc6 16. Bxa5 Qxa5+ 17. Qd2 Rd8 18. Qxa5 Rxa5 19. Bxc4 Ra4 20. Bb3 Ra5 21. Bc2 Rxb5 22. Rxb5 Nxd4 23. Rb2 Nxe5 24. O-O Nc4 25. Ra2 e5 26. Bd3 b5 27. cxb6 Nxb6 28. Rb1 exf4 29. Rxb6 f3 30. Rb8 Ne2+ 1/2-1/2

[Event "Reykjavik Open 2025"]
[Site "Reykjavik, Iceland"]
[Date "2025.04.10"]
[Round "2.17"]
[White "Le Goff, Ronan"]
[Black "Draskovic, Luka"]
[Result "0-1"]
[WhiteElo "2282"]
[WhiteTitle "FM"]
[WhiteFideId "612073"]
[BlackElo "2488"]
[BlackTitle "GM"]
[BlackFideId "944335"]
[TimeControl "90+30 +30 after 40 moves"]
[Variant "Standard"]
[ECO "D02"]
[Opening "Queen's Pawn Game: Symmetrical Variation, Pseudo-Catalan"]
[StudyName "Round 2"]
1. Nf3 d5 2. d4 Nf6 3. g3 Bf5 4. c4 e6 5. Nc3 h6 6. Bg2 c6 7. Qb3 Qb6 8. c5 Qc7 9. Bf4 Qc8 10. O-O Nbd7 11. h3 Be7 12. g4 Bh7 13. Qd1 h5 14. g5 Ne4 15. Rc1 O-O 16. Nd2 e5 17. dxe5 Nxc3 18. Rxc3 Nxc5 19. e4 Nxe4 20. Nxe4 dxe4 21. Qxh5 Qe6 22. Rb3 b5 23. Re1 Rad8 24. Bg3 Rd4 25. Rbe3 Bg6 26. Qg4 Qxg4 27. hxg4 Bxg5 28. R3e2 Bd2 29. Rd1 Rfd8 30. Kh2 c5 31. f3 e3 32. Bh4 Bd3 33. Rexd2 exd2 34. Rxd2 Bg6 35. Re2 Rd2 36. Re1 Rd1 37. Rxd1 Rxd1 38. f4 Bb1 39. a3 Rd2 40. Kg3 Rxb2 41. f5 Ba2 0-1

[Event "Reykjavik Open 2025"]
[Site "Reykjavik, Iceland"]
[Date "2025.04.10"]
[Round "2.18"]
[White "Kilic, Eray"]
[Black "Priansh Das"]
[Result "1-0"]
[WhiteElo "2473"]
[WhiteTitle "IM"]
[WhiteFideId "44517173"]
[BlackElo "2262"]
[BlackTitle "FM"]
[BlackFideId "45029946"]
[TimeControl "90+30 +30 after 40 moves"]
[Variant "Standard"]
[ECO "C02"]
[Opening "French Defense: Advance Variation, Euwe Variation"]
[StudyName "Round 2"]
1. e4 e6 2. d4 d5 3. e5 c5 4. c3 Nc6 5. Nf3 Bd7 6. Be2 Nge7 7. O-O cxd4 8. cxd4 Nf5 9. Nc3 Rc8 10. a3 a6 11. g4 Nfe7 12. Be3 h5 13. h3 hxg4 14. hxg4 f5 15. Bd3 Ng6 16. gxf5 exf5 17. Re1 Be6 18. Ng5 Qd7 19. Na4 Rd8 20. Qf3 Nh4 21. Qg3 Na5 22. Rac1 Nc4 23. b3 Nxe3 24. fxe3 Qe7 25. Kf2 Rh5 26. Nxe6 Qxe6 27. Rh1 Be7 28. Rc7 g5 29. Be2 Rh8 30. Nc5 Bxc5 31. Qxg5 Be7 32. Qg7 Rg8 33. Bh5+ 1-0

[Event "Reykjavik Open 2025"]
[Site "Reykjavik, Iceland"]
[Date "2025.04.10"]
[Round "2.32"]
[White "Kavutskiy, Kostya"]
[Black "Lu, Shanglei"]
[Result "0-1"]
[WhiteElo "2351"]
[WhiteTitle "IM"]
[WhiteFideId "2026384"]
[BlackElo "2618"]
[BlackTitle "GM"]
[BlackFideId "8603332"]
[TimeControl "90+30 +30 after 40 moves"]
[Variant "Standard"]
[ECO "B90"]
[Opening "Sicilian Defense: Najdorf Variation, Lipnitsky Attack"]
[StudyName "Round 2"]
1. e4 c5 2. Nf3 d6 3. d4 cxd4 4. Nxd4 Nf6 5. Nc3 a6 6. Bc4 e6 7. Be3 Nc6 8. Bb3 Na5 9. f4 Qc7 10. Qf3 b5 11. a3 Bb7 12. g4 d5 13. e5 Nd7 14. Rd1 Bxa3 15. Nxd5 Bb4+ 16. c3 exd5 17. Bxd5 Bxd5 18. Qxd5 Nb6 19. Nxb5 Nxd5 20. Nxc7+ Nxc7 21. cxb4 Nc4 22. Bc5 Nxb2 23. Rd2 Nc4 24. Rc2 Na3 25. Ra2 Nab5 26. O-O O-O-O 27. f5 Rhe8 28. e6 fxe6 29. f6 gxf6 30. Rxf6 Nc3 31. Rc2 Ne4 32. Rf7 Nxc5 33. Rxc5 Rd7 0-1

[Event "Reykjavik Open 2025"]
[Site "Reykjavik, Iceland"]
[Date "2025.04.10"]
[Round "2.42"]
[White "Wartiovaara, Oliver"]
[Black "Arun, Nitish"]
[Result "0-1"]
[WhiteElo "2359"]
[WhiteTitle "FM"]
[WhiteFideId "513024"]
[BlackElo "2004"]
[BlackFideId "2524201"]
[TimeControl "90+30 +30 after 40 moves"]
[Variant "Standard"]
[ECO "B12"]
[Opening "Caro-Kann Defense: Advance Variation, Tal Variation"]
[StudyName "Round 2"]
1. e4 c6 2. d4 d5 3. e5 Bf5 4. h4 h6 5. g4 Bd7 6. h5 c5 7. Nc3 e6 8. Be3 Qc7 9. Nf3 c4 10. Nh4 Bb4 11. f4 Nc6 12. f5 O-O-O 13. fxe6 Bxe6 14. Bh3 Qd7 15. Nf5 f6 16. exf6 Nxf6 17. O-O Bxc3 18. bxc3 Kb8 19. Qf3 Ka8 20. Rae1 Ne4 21. Bf4 Rhf8 22. Re2 Rde8 23. Rg2 Rf7 24. Bc1 Ne7 25. Kh2 Ng8 26. Bf4 Ngf6 27. Be5 Ng5 28. Qg3 Nfe4 29. Qe3 Nxh3 30. Qxh3 Ng5 31. Qg3 Ref8 32. Qf4 Bxf5 33. gxf5 Rxf5 34. Qg4 Qe6 35. Rxf5 Rxf5 36. Bf4 a6 37. Bxg5 hxg5 38. Qe2 Qd6+ 39. Kg1 Qd7 40. Rf2 Rf4 41. Rxf4 gxf4 42. Kf2 Qh3 43. Qe8+ Ka7 44. Qe7 Qg3+ 45. Ke2 f3+ 46. Kd1 Qf4 47. Qe5 Qg4 0-1

[Event "Reykjavik Open 2025"]
[Site "Reykjavik, Iceland"]
[Date "2025.04.10"]
[Round "3.1"]
[White "Maghsoodloo, Parham"]
[Black "Licznerski, Lukasz"]
[Result "1-0"]
[ECO "D17"]
[WhiteElo "2684"]
[BlackElo "2436"]
[PlyCount "83"]
[EventDate "2025.??.??"]
[TimeControl "90+30"]
[WhiteClock "0:28:22"]
[BlackClock "0:05:44"]

1. c4 c6 2. d4 d5 3. Nf3 Nf6 4. Nc3 dxc4 5. a4 Bf5 6. Ne5 e6 7. f3 Bb4 8. e4 Bxe4 9. fxe4 Nxe4 10. Bd2 Qxd4 11. Nxe4 Qxe4+ 12. Qe2 Bxd2+ 13. Kxd2 Qd5+ 14. Kc3 Na6 15. Qe3 Qa5+ 16. Kc2 Nb4+ 17. Kc1 Qd5 18. Be2 c3 19. Ra3 O-O 20. bxc3 Qxg2 21. Re1 Nd5 22. Qg3 Qxg3 23. hxg3 Rad8 24. Rb3 f6 25. Nd3 b6 26. c4 Nc7 27. Nb4 Rd6 28. Bf3 Rf7 29. a5 bxa5 30. Nxc6 Na6 31. Rd1 Rxd1+ 32. Kxd1 Rd7+ 33. Kc2 Rc7 34. Kc3 Nc5 35. Rb5 Na4+ 36. Kd4 Rd7+ 37. Ke3 a6 38. Rb8+ Kf7 39. Nxa5 Rc7 40. Bc6 Nc5 41. Kd4 Nd7 42. Ke4 1-0

[Event "Reykjavik Open 2025"]
[Site "Reykjavik, Iceland"]
[Date "2025.04.10"]
[Round "3.2"]
[White "Prraneeth Vuppala"]
[Black "Ivic, Velimir"]
[Result "0-1"]
[ECO "B33"]
[WhiteElo "2433"]
[BlackElo "2623"]
[PlyCount "182"]
[EventDate "2025.??.??"]
[TimeControl "90+30"]
[WhiteClock "0:02:00"]
[BlackClock "0:02:06"]

1. e4 c5 2. Nf3 Nc6 3. d4 cxd4 4. Nxd4 Nf6 5. Nc3 e5 6.
Ndb5 d6 7. Nd5 Nxd5 8. exd5 Nb8 9. a4 Be7 10. Bd2 O-O 11.
a5 Bf5 12. Be3 Na6 13. c3 Qb8 14. Be2 Nc7 15. O-O Nxb5 16. Bxb5 Qc7 17. a6 b6 18. Ra4 Rac8 19. f4 exf4 20. Raxf4 Bg5 21. Rxf5 Bxe3+ 22. Kh1 g6 23. R5f3 Bh6 24. Qd4 Bg7 25. Qh4 Be5 26. g4 f6 27. Qf2 Rf7 28. Qe2 Rcf8 29. Qc4 Qd8 30. Qe4 Kh8 31. Qe2 Qc8 32. Qc4 Rc7 33. Qe4 Rc5 34. Bd3 Qd7 35. Rh3 Kg8 36. Qg2 b5 37. Rff3 Qg7 38. Rh4 b4 39. Rfh3 bxc3 40. Rxh7 Qxh7 41. Rxh7 Kxh7 42. bxc3 Rxc3 43. Qe4 Rg8 44. h4 Rg7 45. h5 Kg8 46. hxg6 Re7 47. Kg2 Kg7 48. Qf5 Rb3 49. Kf3 Bd4 50. g5 fxg5 51. Kg4 Rb2 52. Qf3 Bf6 53. Bf5 Re1 54. Qa3 Rg1+ 55. Kf3 Rf1+ 56. Ke3 Rxf5 57. Qxd6 Kxg6 58. Qd7 Re5+ 59. Kd3 Re7 60. Qc8 Rb3+ 61. Kd2 Rb2+ 62. Kd3 Rb6 63. Qg8+ Bg7 64. Qd8 Rf7 65. d6 Rb4 66. Ke3 Rd4 67. Qb8 Rd5 68. Ke4 Rd1 69. Ke3 Kh6 70. Qb3 Re1+ 71. Kd2 Ref1 72. Qh3+ Kg6 73. Qd3+ R1f5 74. d7 Bf6 75. d8=Q Bxd8 76. Qxd8 g4 77. Qg8+ Kh5 78. Qh8+ Kg5 79. Qd8+ Kf4 80. Qd4+ Kf3 81. Qe3+ Kg2 82. Qe4+ Kg3 83. Qe3+ Kh2 84. Qh6+ Kg2 85. Qc6+ Rf3 86. Qe4 g3 87. Ke2 Kg1 88. Qd4+ Rf2+ 89. Ke1 R7f3 90. Qxa7 Ra3 91. Qg7 Ra1+ 0-1

[Event "Reykjavik Open 2025"]
[Site "Reykjavik, Iceland"]
[Date "2025.04.10"]
[Round "3.3"]
[White "Lu, Shanglei"]
[Black "Yankelevich, Lev"]
[Result "1/2-1/2"]
[ECO "C43"]
[WhiteElo "2618"]
[BlackElo "2413"]
[PlyCount "56"]
[EventDate "2025.??.??"]
[TimeControl "90+30"]
[WhiteClock "0:10:32"]
[BlackClock "0:06:38"]

1. e4 e5 2. Nf3 Nf6 3. d4 Nxe4 4. Bd3 d5 5. Nxe5 Nd7 6.
Nxd7 Bxd7 7. O-O Bd6 8. Nc3 Nxc3 9. bxc3 O-O 10. Qh5 f5 11.
Bg5 Qe8 12. Qf3 c6 13. Rfe1 Qb8 14. h3 b5 15. a4 a6 16. Be7 Re8 17. Bxd6 Qxd6 18. axb5 Rxe1+ 19. Rxe1 axb5 20. Re5 Rf8 21. h4 Qa3 22. Qf4 Rf7 23. Qg5 h6 24. Qd8+ Qf8 25. Qc7 h5 26. Kh2 g6 27. Re3 Re7 28.
Qd6 Kf7 1/2-1/2

[Event "Reykjavik Open 2025"]
[Site "Reykjavik, Iceland"]
[Date "2025.04.10"]
[Round "3.4"]
[White "Ivanchuk, Vasyl"]
[Black "Kirk, Ezra"]
[Result "1-0"]
[ECO "E95"]
[WhiteElo "2604"]
[BlackElo "2394"]
[PlyCount "57"]
[EventDate "2025.??.??"]
[TimeControl "90+30"]
[WhiteClock "0:02:19"]
[BlackClock "0:01:04"]

1. d4 Nf6 2. c4 g6 3. Nc3 Bg7 4. e4 d6 5. Be2 O-O 6. Nf3 Nbd7 7. O-O e5 8.
Re1 Qe7 9. Bf1 h6 10. Rb1 c6 11. a3 Re8 12. d5 c5 13. b4 b6 14. Qa4 Nf8 15. bxc5 bxc5 16. Qa5 Rd8 17. Be2 Nh5 18. g3 f5 19. exf5 gxf5 20. Nxe5 Qxe5 21. Bb2 Re8 22. Bxh5 Qxe1+ 23. Rxe1 Rxe1+ 24. Kg2 Re7 25. Bc1 Rd7 26. Bf4 Ba6 27. Qxa6 Bxc3 28. Bxd6 Bd4 29. Bf4 1-0

[Event "Reykjavik Open 2025"]
[Site "Reykjavik, Iceland"]
[Date "2025.04.10"]
[Round "3.5"]
[White "Lu, Miaoyi"]
[Black "Banusz, Tamas"]
[Result "1/2-1/2"]
[ECO "B33"]
[WhiteElo "2429"]
[BlackElo "2592"]
[PlyCount "101"]
[EventDate "2025.??.??"]
[TimeControl "90+30"]
[WhiteClock "0:08:58"]
[BlackClock "0:23:56"]

1. e4 c5 2. Nf3 Nc6 3. d4 cxd4 4. Nxd4 Nf6 5. Nc3 e5 6.
Ndb5 d6 7. Nd5 Nxd5 8. exd5 Nb8 9. Qd3 a6 10. Qa3 Be7 11.
Bg5 f6 12. Bd2 O-O 13. Bb4 axb5 14. Qxa8 Na6 15. Bd2 Qc7 16. c3 Qc5 17. Be3 Qxd5 18. Qa7 f5 19. f3 Bh4+ 20. Bf2 Bg5 21. Rd1 Qxa2 22. Bxb5 Qxb2 23. Bc4+ Kh8 24. O-O Qxc3 25. Bxa6 bxa6 26. Rxd6 Rg8 27. Rfd1 Qc4 28. Be3 f4 29. Bb6 h6 30. Qc7 Qb3 31. R6d3 Qe6 32. Re1 Qg6 33. Rdd1 Bf6 34. Kh1 Bf5 35. Qb7 Re8 36. Bc7 Kh7 37. Qxa6 e4 38. Bxf4 exf3 39. gxf3 Bd3 40. Qa2 Rxe1+ 41. Rxe1 Qf5 42. Qd2 g5 43. Re3 Bb5 44. Bg3 g4 45. Qd1 gxf3 46. Kg1 Be2 47. Rxe2 fxe2 48. Qxe2 Bd4+ 49. Bf2 Qxf2+ 50. Qxf2 Bxf2+ 51.
Kxf2 1/2-1/2

[Event "Reykjavik Open 2025"]
[Site "Reykjavik, Iceland"]
[Date "2025.04.10"]
[Round "3.6"]
[White "Muradli, Mahammad"]
[Black "Willems, Niels"]
[Result "1-0"]
[ECO "A34"]
[WhiteElo "2588"]
[BlackElo "2394"]
[PlyCount "103"]
[EventDate "2025.??.??"]
[TimeControl "90+30"]
[WhiteClock "0:37:03"]
[BlackClock "0:01:12"]

1. Nf3 Nf6 2. c4 c5 3. Nc3 Nc6 4. g3 d5 5. d4 cxd4 6. Nxd4 dxc4 7. Nxc6 Qxd1+ 8. Nxd1 bxc6 9. Bg2 Nd5 10. Ne3 e6 11. Nxc4 Ba6 12. Na5 Rc8 13. Bd2 Be7 14. Rc1 c5 15. b3 O-O 16. O-O Rfd8 17. Bf3 Bf6 18.
Rfd1 Bb2 19. Rc2 Ba3 20. Be1 Nb6 21. Rxd8+ Rxd8 22. Bd2 Rd7 23. Nc6 Bb5 24. Be3 Bxc6 25. Bxc6 Rc7 26. Rd2 Kf8 27. Rd8+ Ke7 28. Re8+ Kf6 29. Be4 Nd5 30. Bxd5 exd5 31. Bf4 Rc6 32. Rd8 c4 33. Rxd5 c3 34. Ra5 Bb2 35. Be5+ Ke6 36. Bxg7 f6 37. Rxa7 Bc1 38. Bf8 f5 39. Rxh7 c2 40. Kg2 Rc8 41. Bb4 Bg5 42. Ba3 f4 43. h4 Bd8 44. Bc1 fxg3 45. fxg3 Ra8 46. a4 Ba5 47. Rh5 Bb4 48. Rg5 Rb8 49. Rb5 Rxb5 50. axb5 Kd5 51. h5 Kc5 52. Kf3 1-0

[Event "Reykjavik Open 2025"]
[Site "Reykjavik, Iceland"]
[Date "2025.04.10"]
[Round "3.7"]
[White "Terrieux, Kevin"]
[Black "Gupta, Abhijeet"]
[Result "0-1"]
[ECO "B51"]
[WhiteElo "2394"]
[BlackElo "2576"]
[PlyCount "108"]
[EventDate "2025.??.??"]
[TimeControl "90+30"]
[WhiteClock "0:00:52"]
[BlackClock "0:31:11"]

1. e4 c5 2. Nf3 d6 3. Bb5+ Nd7 4. d4 cxd4 5. Qxd4 a6 6. Be2 Ngf6 7. O-O e6 8. c4 b6 9. Nc3 Bb7 10. Rd1 Be7 11. b3 O-O 12. Ba3 Nc5 13.
e5 dxe5 14. Qxe5 Qc8 15. Bb2 Ncd7 16. Qf4 Qc6 17. Ne1 e5 18. Qf5 g6 19. Qh3 Rad8 20. Nf3 Qc8 21. Ng5 Nc5 22. Qxc8 Bxc8 23. b4 Ne6 24. Nxe6 Bxe6 25. a3 a5 26. Nb5 axb4 27. axb4 Rxd1+ 28. Rxd1 Bxb4 29. Bxe5 Nd7 30. Bd4 Rc8 31. f3 Bc5 32. Bxc5 Rxc5 33. Nd6 Kf8 34. Ne4 Ra5 35. f4 h6 36. Rd2 Ke7 37. Kf2 Ra3 38. Rd3 Ra4 39. Re3 Ra2 40. Nc3 Rb2 41. Nb5 Kd8 42. Kf3 Nc5 43. g4 Rd2 44. h3 f5 45. g5 h5 46. Rc3 h4 47. Ke3 Ra2 48.
Rc1 Bd7 49. Bf3 Rh2 50. Rh1 Rc2 51. Kd4 Rd2+ 52. Ke5 Bxb5 53. cxb5 Ke7 54. Bc6 Rd6 0-1

[Event "Reykjavik Open 2025"]
[Site "Reykjavik, Iceland"]
[Date "2025.04.10"]
[Round "3.8"]
[White "Jacobson, Brandon"]
[Black "Heimisson, Hilmir Freyr"]
[Result "1-0"]
[ECO "A20"]
[WhiteElo "2570"]
[BlackElo "2376"]
[PlyCount "203"]
[EventDate "2025.??.??"]
[TimeControl "90+30"]
[WhiteClock "0:02:14"]
[BlackClock "0:01:41"]

1. c4 e5 2. g3 Nf6 3. Bg2 c6 4. d4 e4 5. Bg5 Bb4+ 6. Nc3 O-O 7. Bxe4 h6 8.
Bxf6 Qxf6 9. e3 d6 10. Nge2 Re8 11. Bg2 Bg4 12. O-O Bxc3 13. bxc3 Nd7 14. f3 Be6 15. d5 Bf5 16. e4 Bh7 17. Rb1 Nb6 18. Qb3 Rac8 19. Bh3 Rc7 20.
Nd4 cxd5 21. cxd5 Nc4 22. Rf2 a6 23. Bf1 Ne5 24. Qa3 Nd7 25.
Qa5 Qd8 26. Rfb2 Nc5 27. Nb3 Nd7 28. Nd2 Qb8 29. Nc4 Qa7+ 30.
Kh1 Rxc4 31. Bxc4 Qe3 32. Rf1 Bxe4 33. Be2 Bf5 34. g4 Bd3 35. Bxd3 Qxd3 36. Rbf2 Nc5 37. Qb4 Qxd5 38. Qd4 Qc6 39. c4 Re6 40. h3 Qe8 41. Kg2 Qe7 42. Rd1 Rf6 43. Kh2 Re6 44. Rdd2 Nd7 45. Kg2 Nc5 46. Qd5 Qe8 47. Qd4 Qe7 48. Qf4 Re5 49. Rd1 Re6 50. Rd4 Re5 51. Qd2 Re6 52. Rd5 Nd7 53. Kh2 Ne5 54. Qd4 Qc7 55. f4 Nxc4 56. g5 h5 57. f5 Re8 58. Rc2 b5 59. g6 Qe7 60. f6 Qxf6 61. Qxf6 gxf6 62. gxf7+ Kxf7 63. Rxh5 Ke6 64. Rh7 Rc8 65. Ra7 Rc6 66. h4 d5 67. Ra8 Rd6 68. Re2+ Ne5 69. h5 d4 70. h6 Rd7 71. Rxa6+ Kf5 72. Kg3 d3 73. Rf2+ Ke4 74. Rf4+ Ke3 75. Ra3 Rf7 76. Rb3 Ke2 77. Rf2+ Ke3 78. Rxb5 Re7 79. Rxf6 d2 80. Rd5 Nc4 81. Rf4 Rc7 82. Rd8 Ne5 83. Rf5 Re7 84. Rd5 Nc4 85. Rf4 Ne5 86. Rf5 Nc4 87. Rd8 Re6 88. h7 Rh6 89. Rc5 Rg6+ 90. Kh4 Nd6 91. Rxd6 Rxd6 92. h8=Q d1=Q 93. Qe5+ Kf2 94. Qg3+ Ke2 95.
Qh2+ Ke3 96. Qe5+ Kf2 97. Qf4+ Ke2 98. Re5+ Kd3 99. Qe3+ Kc2 100. Qb3+ Kc1 101. Rc5+ Kd2 102. Rd5+ 1-0